 Dungeon Crawl Stone Soup version 0.31-a0-1611-g890cdf5628 (webtiles) character file.

Game seed: 4483381614764948635

5172 jlumianski the Grappler (level 10, -4/76 HPs)
             Began as a Gnoll Shapeshifter on Jan 9, 2024.
             Was a Follower of Wu Jian.
             Slain by a troll (6 damage)
             ... on level 10 of the Dungeon.
             The game lasted 00:35:32 (9863 turns).

jlumianski the Grappler (Gnoll Shapeshifter)        Turns: 9863, Time: 00:35:34

Health: -4/76      AC: 12    Str: 17    XL:     10   Next: 59%
Magic:  18/18      EV:  4    Int: 10    God:    Wu Jian [*.....]
Gold:   188        SH:  0    Dex: 12    Spells: 20/20 levels left

rFire   . .          .
                       - Unarmed
rCold   . . .        (no shield)
rNeg    . . .        L - +0 plate armour
rPois   .            (helmet currently unavailable)
rElec   .            (cloak currently unavailable)
rCorr   .            (gloves currently unavailable)
SInv    +            (boots currently unavailable)
Will    .....        (no amulet) Stlth
                     y - ring of see invisible
HPRegen 0.32/turn    (no ring)
MPRegen 0.16/turn

%: no passive effects
@: beast-form, slowed, constricted, very slow
A: beast (slay +4), fangs 1, strong nose, distributed training
a: Begin Untransformation, Renounce Religion


You were on level 10 of the Dungeon.
You worshipped Wu Jian.
Wu Jian was aware of your devotion.
You were a hulking beast.
You visited 2 branches of the dungeon, and saw 11 of its levels.
You also visited: Sewer.

You collected 477 gold pieces.
You spent 289 gold pieces at shops.

Inventory:

Hand Weapons
 m - a +4 dagger
 p - a +3 short sword of speed
 E - a +3 great sword
 O - the +3 glaive "Rosupeun" {venom, ^Drain rElec rF+ Str+3}
   (You found it on level 10 of the Dungeon)

   Str+3:     It affects your strength (+3).
   rF+:       It protects you from fire.
   rElec:     It insulates you from electricity.
   ^Drain:    It drains your maximum health when unequipped.
Missiles
 i - a throwing net
 k - 33 poisoned darts (quivered)
 q - a boomerang
Armour
 a - a +0 animal skin
 f - a +0 pair of gloves
 l - a +0 leather armour
 r - a +0 scale mail
 z - a +2 pair of gloves
 C - a +0 chain mail
 J - a +1 hat
 L - a +0 plate armour (worn)
Magical Staves
 o - a staff of death
Jewellery
 y - a ring of see invisible (left hand)
Talismans
 c - a beast talisman
 d - a flux talisman
Wands
 t - a wand of charming (16)
 u - a wand of flame (30)
 v - a wand of mindburst (15)
Scrolls
 b - a scroll of brand weapon
 h - 2 scrolls of teleportation
 j - 3 scrolls of enchant weapon
 s - a scroll of summoning
 w - 2 scrolls of immolation
 D - a scroll of noise
 F - 2 scrolls of fog
Potions
 e - a potion of attraction
 g - a potion of invisibility
 n - 4 potions of heal wounds
 x - a potion of might
 A - a potion of haste
 G - a potion of brilliance
 H - 2 potions of mutation
 I - 2 potions of degeneration
 K - a potion of enlightenment
 M - a potion of lignification
 N - a potion of curing


   Skills:
 + Level 6.2 Fighting
 + Level 5.6 Short Blades
 + Level 5.6 Long Blades
 + Level 5.6 Axes
 + Level 5.6 Maces & Flails
 + Level 5.6 Polearms
 + Level 5.6 Staves
 + Level 5.6 Ranged Weapons
 + Level 5.6 Throwing
 + Level 5.6 Armour
 + Level 7.3 Dodging
 + Level 5.6 Stealth
 + Level 5.6 Shields
 + Level 8.7 Unarmed Combat
 + Level 5.6 Spellcasting
 + Level 4.6 Conjurations
 + Level 4.6 Hexes
 + Level 4.6 Summonings
 + Level 4.6 Necromancy
 + Level 4.6 Translocations
 + Level 4.6 Fire Magic
 + Level 4.6 Ice Magic
 + Level 4.6 Air Magic
 + Level 4.6 Earth Magic
 + Level 4.6 Alchemy
 + Level 6.2 Invocations
 + Level 5.6 Evocations
 + Level 8.4 Shapeshifting


You had 20 spell levels left.
You didn't know any spells.
Your spell library contained the following spells:

 Spells                   Type           Power      Damage    Failure   Level
 Stone Arrow              Conj/Erth      24%        3d8       98%         3
 Animate Armour           Summ/Erth      24%        N/A       100%        4
 Sculpt Simulacrum        Ice/Alch       6%         N/A       100%        6
 Ozocubu's Refrigeration  Ice            6%         4d8       100%        7
 Lehudib's Crystal Spear  Conj/Erth      6%         10d3      100%        8
 Polar Vortex             Ice            6%         N/A       100%        9


Dungeon Overview and Level Annotations

Branches:
Dungeon (10/15)            Temple (1/1) D:7            Lair (0/5) D:10
    Orc (0/2) D:10          Sewer (visited)

Altars:
Ashenzari
Cheibriados
Dithmenos
Elyvilon
Fedhas
Gozag
Hepliaklqana
Kikubaaqudgha
Makhleb
Nemelex Xobeh
Okawaru
Qazlal
Ru
Sif Muna
Trog
Uskayaw
Vehumet
Wu Jian
Xom
Yredelemnul
Zin
The Shining One

Shops:
D:9 !

Annotations:
D:10 Erica
Temple 2 transporters


Innate Abilities, Weirdness & Mutations

You are a hulking beast.
Your limbs bulge with bestial killing power. (Slay +4)
You have very sharp teeth.
Your uncanny sense of smell can sniff out nearby items.
Your experience applies equally to all skills.


Message History

Found a stone staircase leading down.
You hear the faint creaking of a distant portcullis.
j - 3 scrolls of enchant weapon (gained 1) Erica the Fiery-Tempered comes into view.
She is wielding a +1 scimitar of flaming.
Erica shouts!
Erica stares at you and mumbles some strange words.
You feel yourself slow down.
A troll comes into view.
The troll shouts!
You closely miss Erica.
Erica mumbles some strange words.
Erica flickers and vanishes for a moment.
You pummel Erica!! Your bite misses Erica.
Erica is moderately wounded.
Erica hits you with a +1 scimitar of flaming.
Erica burns you. Erica grabs you. Erica constricts you.
You closely miss Erica.
Erica is moderately wounded.
Erica hits you with a +1 scimitar of flaming!
Erica burns you! Erica constricts you.
You punch Erica!
Erica is heavily wounded.
Erica hits you with a +1 scimitar of flaming!
Erica burns you. Erica constricts you. The troll bites you!
The troll claws you!
* * * LOW HITPOINT WARNING * * *
The troll claws you.
* * * LOW HITPOINT WARNING * * *
Erica hits you with a +1 scimitar of flaming!
* * * LOW HITPOINT WARNING * * *
Erica burns you.
* * * LOW HITPOINT WARNING * * *
Erica constricts you.
Blink to where?
Press: ? - help, Dir - move target Erica's grasp on you weakens, but your attempt to escape fails.
As you read the scroll of blinking, it crumbles to dust.
The troll bites you but does no damage. The troll claws you but does no damage.
The troll claws you.
You die...

,,,,,,**,,*,*,,∆##...........#.)#
,,,,,,,,,,,,,,,,#............#..#
,,,,**,,,,*,*,**#...........#..##
,,,,,,,,*,,,,,*##..........#...#
,,,,,,*,,,,,,**#..........##..##
,,,,*,,,,,,,,* #..............#**
,,,,,,,,,.,*,*##.............##,,
,,,,,,,,,....##T.............#,,,
,,,,,,,,,......xh...........#...,
,,,,,,,,,...###.################*
,,,,,,,,,,,***##,*,****,****,****
,,,,,,,,,,** *,,***,,,,***,,,,,,*
<,,,,,,,,** *,****,*,****,,,**,,
,,,,,,,,** *,,,*,,***,,,,,,*,*,
********* ***,,,,,,*,*,,*,*,*,
*,,,*,,***,,,,**,*,*
***,,*,,**,>,*,,*,**,


You could see Erica (invisible) and a troll.

Vanquished Creatures
  The ghost of chore the Protected, a novice HOFi (D:8)
  Pikel (D:8)
  Maurice (D:7)
  Sigmund (D:6)
  A steam dragon (D:8)
  Edmund (D:5)
  A sky beast (D:7)
  An ice beast (D:7)
  2 orc warriors
  3 black bears
  Pargi (Sewer)
  3 phantoms
  3 centaurs
  2 bullfrogs
  A kobold brigand (D:6)
  A brain worm (Sewer)
  A scorpion (D:6)
  13 wights
  4 killer bees (D:6)
  A howler monkey (D:5)
  A crimson imp (D:8)
  4 bombardier beetles
  5 jellies
  2 gnoll boudas
  3 orc priests
  4 hounds
  Jessica (D:3)
  Ijyb (D:5)
  2 iguanas
  2 orc wizards
  4 gnolls
  14 adders
  A river rat (D:4)
  A shadow imp (D:7)
  A white imp (D:6)
  2 ufetubi (D:5)
  A dart slug (D:2)
  18 orcs
  7 ball pythons
  8 endoplasms
  5 giant cockroaches
  5 hobgoblins
  2 jackals (D:3)
  19 kobolds
  A quokka (D:2)
  4 bats
  4 frilled lizards
  9 goblins
  7 rats
181 creatures vanquished.

Notes
Turn   | Place    | Note
-------+----------+-------------------------------------------
     0 | D:1      | jlumianski the Gnoll Shapeshifter began the quest for the
                  | Orb.
     0 | D:1      | Reached XP level 1. HP: 17/17 MP: 1/1
   196 | D:1      | Reached XP level 2. HP: 13/23 MP: 2/2
   969 | D:2      | Reached XP level 3. HP: 22/28 MP: 2/4
  1069 | D:2      | Reached skill level 1 in Invocations
  1173 | D:2      | Reached skill level 1 in Short Blades
  1173 | D:2      | Reached skill level 1 in Long Blades
  1173 | D:2      | Reached skill level 1 in Axes
  1173 | D:2      | Reached skill level 1 in Maces & Flails
  1173 | D:2      | Reached skill level 1 in Polearms
  1173 | D:2      | Reached skill level 1 in Staves
  1173 | D:2      | Reached skill level 1 in Ranged Weapons
  1173 | D:2      | Reached skill level 1 in Throwing
  1173 | D:2      | Reached skill level 1 in Armour
  1173 | D:2      | Reached skill level 1 in Stealth
  1173 | D:2      | Reached skill level 1 in Shields
  1173 | D:2      | Reached skill level 1 in Spellcasting
  1173 | D:2      | Reached skill level 1 in Evocations
  1256 | D:2      | Reached XP level 4. HP: 31/34 MP: 5/5
  1622 | D:2      | Reached skill level 1 in Conjurations
  1622 | D:2      | Reached skill level 1 in Hexes
  1622 | D:2      | Reached skill level 1 in Summonings
  1622 | D:2      | Reached skill level 1 in Necromancy
  1622 | D:2      | Reached skill level 1 in Translocations
  1622 | D:2      | Reached skill level 1 in Fire Magic
  1622 | D:2      | Reached skill level 1 in Ice Magic
  1622 | D:2      | Reached skill level 1 in Air Magic
  1622 | D:2      | Reached skill level 1 in Earth Magic
  1622 | D:2      | Reached skill level 1 in Alchemy
  1829 | D:3      | Found a faded altar of an unknown god.
  1900 | D:3      | Noticed Jessica
  1906 | D:3      | Killed Jessica
  2008 | D:4      | Noticed a black bear
  2039 | D:3      | Killed a black bear
  2040 | D:3      | Reached XP level 5. HP: 32/41 MP: 5/7
  2067 | D:4      | Reached XP level 6. HP: 43/47 MP: 8/8
  2107 | D:4      | Found a glowing drain.
  2113 | Sewer    | Entered a sewer
  2136 | Sewer    | Reached skill level 5 in Dodging
  2247 | Sewer    | Noticed Pargi
  2262 | Sewer    | Killed Pargi
  2263 | Sewer    | Reached XP level 7. HP: 27/52 MP: 10/10
  3346 | D:5      | Entered Level 5 of the Dungeon
  3471 | D:4      | Found a broken altar of Ashenzari.
  3503 | D:5      | Noticed Ijyb
  4103 | D:5      | Killed Ijyb
  4104 | D:5      | Reached XP level 8. HP: 34/60 MP: 12/12
  5825 | D:7      | Found a staircase to the Ecumenical Temple.
  5837 | D:7      | Reached XP level 9. HP: 66/66 MP: 14/14
  5841 | Temple   | Found a transporter.
  5841 | Temple   | Found a transporter.
  5841 | Temple   | Found a transporter.
  5841 | Temple   | Found a transporter.
  5841 | Temple   | Entered the Ecumenical Temple
  5880 | Temple   | Became a worshipper of the Wu Jian Council
  6308 | D:6      | Noticed Edmund
  6308 | D:6      | Noticed Sigmund
  6367 | D:5      | Killed Edmund
  6400 | D:6      | Killed Sigmund
  6401 | D:6      | Reached skill level 5 in Fighting
  6543 | D:7      | Noticed Maurice
  6550 | D:7      | Killed Maurice
  6624 | D:6      | Reached skill level 5 in Invocations
  7360 | D:8      | Found an opulent altar of Gozag.
  7367 | D:8      | Found a glowing silver altar of Zin.
  7409 | D:8      | Noticed Pikel
  7431 | D:8      | Killed Pikel
  7432 | D:8      | Reached skill level 5 in Short Blades
  7432 | D:8      | Reached skill level 5 in Long Blades
  7432 | D:8      | Reached skill level 5 in Axes
  7432 | D:8      | Reached skill level 5 in Maces & Flails
  7432 | D:8      | Reached skill level 5 in Polearms
  7432 | D:8      | Reached skill level 5 in Staves
  7432 | D:8      | Reached skill level 5 in Ranged Weapons
  7432 | D:8      | Reached skill level 5 in Throwing
  7432 | D:8      | Reached skill level 5 in Armour
  7432 | D:8      | Reached skill level 5 in Stealth
  7432 | D:8      | Reached skill level 5 in Shields
  7432 | D:8      | Reached skill level 5 in Spellcasting
  7432 | D:8      | Reached skill level 5 in Evocations
  7432 | D:8      | Reached XP level 10. HP: 22/76 MP: 17/17
  7650 | D:9      | Found Juos's Distillery.
  7653 | D:9      | Bought a potion of heal wounds for 85 gold pieces
  7653 | D:9      | Bought a potion of might for 68 gold pieces
  7653 | D:9      | Bought a potion of mutation for 136 gold pieces
  8771 | D:8      | Reached * piety under Wu Jian
  8876 | D:8      | Found a runed translucent door.
  8877 | D:8      | Noticed chore's ghost (novice HOFi)
  8999 | D:8      | Found a radiant altar of Vehumet.
  9000 | D:8      | Found a burning altar of Makhleb.
  9559 | D:8      | Killed chore's ghost
  9798 | D:10     | Entered Level 10 of the Dungeon
  9805 | D:10     | Identified the +3 glaive "Rosupeun" {venom, ^Drain rElec
                  | rF+ Str+3}
  9856 | D:10     | Noticed Erica
  9862 | D:10     | HP: 3/76 [Erica/+1 scimitar of flaming (11)]
  9863 | D:10     | Slain by a troll

Illustrated notes

Levels and vault maps discovered:
D:1:      eino_arrival_cavern_a, layout_basic
D:2:      layout_basic
D:3:      minmay_razor_zed, layout_basic, nicolae_ecumenical_oubliette,
          uniq_jessica
D:4:      cheibrodos_pilgrimage, layout_rooms, ashenzari_altar_1,
          mainiacjoe_sewer_entry_somewhere_in_here_1
D:5:      layout_cave_pools, nicolae_grassy_gnolls, uniq_ijyb
D:6:      layout_basic, dreamdust_mushroom_princess, nrook_mini_vaults,
          minivault_24, sigmund_edmund_badplayer
D:7:      layout_basic, minmay_temple_entry_stoned_glass, uniq_maurice
D:8:      layout_loops_cross, grunt_temple_overflow_lords_of_destruction,
          pdpol_temple_overflow_zin_treasury_gozag_greed, gammafunk_ghost_grave,
          uniq_pikel
D:9:      layout_irregular_city, nicolae_stop_n_shop_2, minivault_15
D:10:     layout_cave_pods, lair_entry_dummy, erik_orc_3, enter_bailey_5,
          hangedman_abyss_or_decor_slice, hangedman_decor_peaks_small,
          uniq_erica, uniq_fannar, uniq_grum
Temple:   hellmonk_temple_divided_pantheon

Skill      XL: |  1  2  3  4  5  6  7  8  9 10 |
---------------+-------------------------------+-----
Invocations    | 1 2 3 4 5 6 |  6.2
Short Blades   | 1 2 3 5 |  5.6
Long Blades    | 1 2 3 5 |  5.6
Axes           | 1 2 3 5 |  5.6
Maces & Flails | 1 2 3 5 |  5.6
Polearms       | 1 2 3 5 |  5.6
Staves         | 1 2 3 5 |  5.6
Ranged Weapons | 1 2 3 5 |  5.6
Throwing       | 1 2 3 5 |  5.6
Armour         | 1 2 3 5 |  5.6
Stealth        | 1 2 3 5 |  5.6
Shields        | 1 2 3 5 |  5.6
Spellcasting   | 1 2 3 5 |  5.6
Evocations     | 1 2 3 5 |  5.6
Conjurations   | 1 2 3 4 |  4.6
Hexes          | 1 2 3 4 |  4.6
Summonings     | 1 2 3 4 |  4.6
Necromancy     | 1 2 3 4 |  4.6
Translocations | 1 2 3 4 |  4.6
Fire Magic     | 1 2 3 4 |  4.6
Ice Magic      | 1 2 3 4 |  4.6
Air Magic      | 1 2 3 4 |  4.6
Earth Magic    | 1 2 3 4 |  4.6
Alchemy        | 1 2 3 4 |  4.6
Fighting       | 3 4 5 6 |  6.2
Dodging        | 5 6 7 |  7.3
Unarmed Combat | 7 8 |  8.7
Shapeshifting  | 7 8 |  8.4

Action                     |  1- 3 |  4- 6 |  7- 9 | 10-12 || total
---------------------------+-------+-------+-------+-------++-------
  Melee: Unarmed           |    61 |    73 |   324 |   132 ||   590
         Punch             |     1 |     4 |    12 |    12 ||    29
         Bite              |     1 |     6 |    21 |    18 ||    46
  Throw: Dart              |       |     2 |    18 |     6 ||    26
         Boomerang         |       |       |     1 |       ||     1
Ability: Lunge             |       |       |     7 |    10 ||    17
         Whirlwind         |       |       |       |     2 ||     2
  Evoke: Wand              |       |       |    10 |     3 ||    13
    Use: Potion            |       |     1 |     3 |     2 ||     6
         Scroll            |       |       |    14 |     3 ||    17
   Stab: Sleeping          |     1 |     3 |       |       ||     4
 Armour: Animal skin       |     9 |       |       |       ||     9
         Leather armour    |    16 |    47 |       |       ||    63
         Skin              |       |     9 |       |     8 ||    17
         Scale mail        |       |       |    81 |       ||    81
         Chain mail        |       |       |   249 |    23 ||   272
         Plate armour      |       |       |       |    88 ||    88
  Dodge: Dodged            |    24 |    38 |   196 |    35 ||   293

Table legend: (Time is in decaauts)
 A = Elapsed time spent in this place.
 B = Non-inter-level travel time spent in this place.
 C = Inter-level travel time spent in this place.
 D = Time resting spent in this place.
 E = Time spent auto-exploring this place.
 F = Levels seen in this place.
 G = Mean time per level.
                   A        B        C        D        E       F      G
               +--------+--------+--------+--------+--------+-----+--------+
         Total |   9820 |   9618 |    202 |   1720 |   5054 |  12 |  818.3 |
       Dungeon |   9466 |   9264 |    202 |   1591 |   5054 |  10 |  946.6 |
        Temple |     60 |     60 |      0 |      0 |      0 |   1 |   60.0 |
         Sewer |    293 |    293 |      0 |    129 |      0 |   1 |  293.0 |
               +--------+--------+--------+--------+--------+-----+--------+

Top non-repeatable levels by time:
     D:6: 1631 daAuts
     D:8: 1469 daAuts
     D:7: 1223 daAuts
     D:3: 1158 daAuts
     D:5: 1049 daAuts
     D:2: 932 daAuts
     D:1: 930 daAuts
     D:4: 901 daAuts
   Sewer: 293 daAuts
     D:9: 106 daAuts
    D:10: 63 daAuts
  Temple: 60 daAuts
